 Dungeon Crawl Stone Soup version 0.29.1-15-g9cfb28693d (webtiles) character file.

Game seed: 2673671646930722613

177 growler the Insei (level 5, -1/37 HPs)
             Began as a Merfolk Transmuter on Mar 23, 2023.
             Slain by an orc warrior
             ... wielding a +0 war axe
              (14 damage)
             ... on level 4 of the Dungeon.
             The game lasted 00:11:22 (4354 turns).

growler the Insei (Merfolk Transmuter)              Turns: 4354, Time: 00:11:23

Health: -1/37      AC:  2    Str: 10    XL:     5   Next: 57%
Magic:  9/9        EV: 24    Int: 14    God:
Gold:   97         SH:  0    Dex: 20    Spells: 0/10 levels left

rFire   . . .      SeeInvis .     - Unarmed
rCold   . . .      Faith    .   (shield currently unavailable)
rNeg    . . .      Spirit   .   (body armour currently unavailable)
rPois   x          Reflect  .   (helmet currently unavailable)
rElec   .          Harm     .   (cloak currently unavailable)
rCorr   .          Rampage  .   (gloves currently unavailable)
Will    .....                   (boots currently unavailable)
Stlth   +.........              (no amulet)
HPRegen 0.12/turn               p - +4 ring of evasion
MPRegen 0.11/turn               (no ring)

@: confused, spider-form (expiring), weak-willed, ambrosia-drunk, wereblooded
A: venomous fangs, tiny, (nimble swimmer 2), (mertail)
a: End Transformation


You were on level 4 of the Dungeon.
You were a venomous arachnid creature.
You visited 1 branch of the dungeon, and saw 4 of its levels.

You collected 97 gold pieces.

Inventory:

Armour
 a - a +0 robe (melded)
 b - a +1 helmet (melded)
 c - a +0 pair of gloves (melded)
Jewellery
 f - a ring of ice
 p - a +4 ring of evasion (left front leg)
Scrolls
 e - a scroll of teleportation
 h - a scroll of identify {unknown}
 j - a scroll of magic mapping {unknown}
 k - 2 scrolls of enchant armour
 m - a scroll of blinking {unknown}
 o - a scroll of poison {unknown}
 q - a scroll of vulnerability
Potions
 d - a potion of ambrosia
 g - a potion of flight {unknown}
 l - a potion of curing {unknown}
 n - a potion of heal wounds {unknown}
 r - a potion of invisibility {unknown}


   Skills:
 - Level 1.1 Fighting
 - Level 2.6 Dodging
 + Level 5.5 Unarmed Combat
 - Level 3.0 Spellcasting
 - Level 4.0 Transmutations


You couldn't memorise any spells.
You knew the following spells:

 Your Spells              Type           Power      Damage    Failure   Level
a - Beastly Appendage     Tmut           26%        N/A       13%         1
b - Wereblood             Tmut           13%        N/A       17%         2
c - Spider Form           Tmut/Pois      7%         N/A       50%         3
d - Ice Form              Ice/Tmut       7%         N/A       85%         4

Your spell library contained the following spells:

 Spells                   Type           Power      Damage    Failure   Level
 Sting                    Tmut/Pois      28%        1d4       24%         1
 Poisonous Vapours        Pois/Air       4%         N/A       54%         2
 Olgreb's Toxic Radiance  Pois           2%         N/A       98%         4


Dungeon Overview and Level Annotations

Branches:
Dungeon (4/15)
 Temple: D:4-7

Altars:


Innate Abilities, Weirdness & Mutations

You are a venomous arachnid creature.
You have poisonous fangs.
You are tiny and dextrous.
Your spellcasting is less reliable in this form.
Your armour is entirely melded.
You are incapable of wielding weapons or throwing items.
((You are very nimble when in or above water. (Stealth+, EV+, Speed+++)))
((Your lower body shifts to a powerful aquatic tail in water.))


Message History

Your blood is infused with primal strength.
Casting: Wereblood (safe; 6% risk of failure)
Confirm with . or Enter, or press ? or * to list all spells.
The spell is quite dangerous to miscast (28% risk of failure)!
Continue anyway?
You turn into a venomous arachnid creature.
Your +1 helmet melds into your body.
Your +0 pair of gloves melds into your body.
Your +0 robe melds into your body.
You climb downwards.
The orc warrior hits you with a +0 war axe!!
The orc warrior closely misses you.
There is a stone staircase leading up here.
The orc shouts!
You hit the orc warrior but do no damage.
A worm comes into view.
You hit the orc warrior.
The orc warrior is poisoned.
The orc warrior is lightly wounded.
The orc warrior hits you with a +0 war axe!!
* * * LOW HITPOINT WARNING * * *
Okay, then.
As you read the scroll of fear, it crumbles to dust.
You assume a fearsome visage.
The worm looks frightened!
The orc warrior looks frightened!
The orc looks frightened!
As you read the scroll labelled DYIPEPHUHE, it crumbles to dust.
Your attack snaps the orc warrior out of its fear.
Your attack snaps the orc out of its fear.
Magic quickly surges around you.
It was a scroll of vulnerability.
The orc warrior attacks as you move away!
The orc warrior completely misses you.
Your transformation is almost over.
Found 7 gold pieces.
The orc warrior throws a boomerang.
The boomerang misses you.
It was a potion of ambrosia.
You are confused.
You feel invigorated.
The orc warrior throws a boomerang.
The boomerang misses you. The orc warrior misses you.
The orc warrior attacks as you move away!
The orc warrior hits you with a +0 war axe!
You die...

############
#$.........###########
........s...##...#...####
.........o...............
........o........รท.....#
..........<............#
............>..<.......#
..).........!.........##
...$........$../.#..?##
..(.....$..#.##.######
######.#....##...


You could see an orc warrior (very poisoned, weak-willed) and an orc
(weak-willed).

Vanquished Creatures
  An orc priest (D:3)
  Robin (D:2)
  4 adders
  A worm (D:2)
  A dart slug (D:1)
  4 orcs
  3 endoplasms
  2 giant cockroaches
  16 goblins
  9 hobgoblins
  7 quokkas
  8 ball pythons
  16 bats
  4 frilled lizards
  6 kobolds
  7 rats
90 creatures vanquished.

Vanquished Creatures (others)
  A plant (D:2)
1 creature vanquished.

Grand Total: 91 creatures vanquished

Notes
Turn   | Place    | Note
-------+----------+-------------------------------------------
     0 | D:1      | growler the Merfolk Transmuter began the quest for the Orb.
     0 | D:1      | Reached XP level 1. HP: 15/15 MP: 3/3
   238 | D:1      | Reached XP level 2. HP: 5/21 MP: 1/5
   931 | D:1      | Reached XP level 3. HP: 25/26 MP: 4/6
   934 | D:1      | Learned a level 2 spell: Wereblood
   938 | D:1      | Learned a level 3 spell: Spider Form
  1470 | D:1      | Found a faded altar of an unknown god.
  2095 | D:2      | Reached skill level 4 in Unarmed Combat
  2106 | D:2      | Reached XP level 4. HP: 9/32 MP: 4/8
  2151 | D:2      | Noticed Robin
  2155 | D:2      | Killed Robin
  2506 | D:2      | Identified the +0 ring mail of Pandemonium {rCorr Str+2}
  2993 | D:3      | Reached XP level 5. HP: 20/37 MP: 3/9
  2998 | D:3      | Learned a level 4 spell: Ice Form
  3557 | D:3      | Reached skill level 5 in Unarmed Combat
  3986 | D:4      | Noticed a black bear
  4109 | D:4      | Noticed an orc warrior
  4346 | D:4      | HP: 1/37 [orc warrior/+0 war axe (18)]
  4354 | D:4      | Slain by an orc warrior

Illustrated notes

Levels and vault maps discovered:
D:1:      kennysheep_arrival_forest, layout_basic,
          hellmonk_ecumenical_altar_inner_sanctum
D:2:      layout_basic, serial_forest, infiniplex_forest_clump_curved,
          infiniplex_forest_clump_medium, infiniplex_forest_lined_room_3,
          infiniplex_forest_zigzag_1, infiniplex_forest_lined_2,
          infiniplex_forest_straight_4, infiniplex_forest_straight_5, uniq_robin
D:3:      layout_basic, roderic_batcave, kennysheep_generic_room_2
D:4:      layout_rooms, gammafunk_ghost_grave

Skill      XL: |  1  2  3  4  5 |
---------------+----------------+-----
Transmutations | 3 4 |  4.0
Unarmed Combat | 4 5 |  5.5
Spellcasting   | 3 |  3.0
Fighting       | |  1.1
Dodging        | |  2.6

Action                   |  1- 3 |  4- 6 || total
-------------------------+-------+-------++-------
Melee: Unarmed           |   136 |   130 ||   266
       Headbutt          |    19 |    15 ||    34
       Punch             |     2 |     3 ||     5
 Cast: Beastly Appendage |    31 |    20 ||    51
       Wereblood         |     1 |     4 ||     5
       Spider Form       |       |     4 ||     4
  Use: Potion            |     1 |     1 ||     2
       Scroll            |       |     5 ||     5
 Stab: Sleeping          |     1 |       ||     1
Armor: Robe              |    25 |    34 ||    59
       Skin              |    15 |       ||    15
Dodge: Dodged            |    87 |   159 ||   246
